 Dungeon Crawl Stone Soup version 0.19.1-1-g22dce08 (webtiles) character file.

85 Macro the Shield-Bearer (level 4, -19/31 HPs)
             Began as a Halfling Fighter on Jan 13, 2017.
             Demolished by an ogre
             ... wielding a +0 giant club
              (25 damage)
             ... on level 3 of the Dungeon on Jan 14, 2017.
             The game lasted 00:08:19 (1947 turns).

Macro the Shield-Bearer (Halfling Fighter)          Turns: 1947, Time: 00:08:20

Health: -19/31     AC:  8    Str: 18    XL:     4   Next: 75%
Magic:  4/4        EV: 10    Int:  6    God:
Gold:   108        SH: 10    Dex: 15    Spells: 0 memorised, 3 levels left

rFire  . . .     SeeInvis .     q - +2 dagger (freeze)
rCold  . . .     Gourm    .     b - +0 scale mail
rNeg   . . .     Faith    .     c - +0 shield
rPois  .         Spirit   .     (no helmet)
rElec  .         Reflect  .     (no cloak)
rCorr  .         Harm     .     (no gloves)
MR     .....                    e - +0 pair of boots
Stlth  ..........               (no amulet)
                                (no ring)
                                m - +2 ring of dexterity

@: no status effects
A: mutation resistance 1
a: no special abilities


You were on level 3 of the Dungeon.
You were not hungry.

You visited 1 branch of the dungeon, and saw 3 of its levels.

You collected 108 gold pieces.

Inventory:

Hand Weapons
 a - a +0 rapier
 q - a +2 dagger of freezing (weapon)
Armour
 b - a +0 scale mail (worn)
 c - a +0 shield (worn)
 e - a +0 pair of boots (worn)
Jewellery
 m - a +2 ring of dexterity (left hand)
Scrolls
 h - 3 scrolls of teleportation {unknown}
 l - 3 scrolls of identify {unknown}
 p - 2 scrolls of remove curse {unknown}
 r - a scroll of fog {unknown}
 s - a scroll of fear {unknown}
 v - a scroll of blinking {unknown}
Potions
 d - 2 potions of might
 g - 3 potions of agility {unknown}
 i - a potion of berserk rage {unknown}
 j - 2 potions of curing {unknown}
 k - a potion of magic {unknown}
 n - 2 potions of ambrosia {unknown}
 t - 2 potions of heal wounds {unknown}
 u - a potion of lignification {unknown}
Comestibles
 f - 2 bread rations
 o - 3 meat rations
 w - a chunk of flesh


   Skills:
 + Level 3.1 Fighting
 + Level 3.2 Short Blades
 + Level 3.8 Armour
 + Level 1.2 Dodging
 + Level 4.1 Shields


You had 3 spell levels left.
You didn't know any spells.

Dungeon Overview and Level Annotations

Branches:
Dungeon (3/15)

Altars:
Ashenzari
Uskayaw


Innate Abilities, Weirdness & Mutations

You are small and have problems with some larger weapons.
You are somewhat resistant to further mutation.


Message History

The ogre is lightly wounded.
The ogre closely misses you.
You hit the ogre. You freeze the ogre.
The ogre is moderately wounded.
You hit the ogre. You freeze the ogre.
The ogre is moderately wounded.
The ogre closely misses you.
You hit the ogre. You freeze the ogre.
The ogre is heavily wounded.
The ogre hits you with a giant club!
* * * LOW HITPOINT WARNING * * *
An orc comes into view. It is wielding a falchion.
Your shield and scale mail prevent you from hitting the ogre.
The ogre is heavily wounded.
The orc shouts!
You barely miss the ogre.
The ogre is heavily wounded.
The ogre hits you with a giant club!!
Ouch! That really hurt!
You die...

###############
#.............#
####.###########.########
.....## ########(........
......###.(..............
.....(.....#####..######.
......#...........#
.....##.########@##
.....# # #.o.O.# .....#
#.##### รท###.# .# .# ##
#


You could see an ogre and an orc.

Vanquished Creatures
  4 adders
  An ooze (D:2)
  2 giant cockroaches
  3 goblins
  7 hobgoblins
  3 jackals (D:1)
  5 kobolds
  3 quokkas
  A ball python (D:2)
  7 bats
  5 frilled lizards
  7 rats
48 creatures vanquished.

Notes
Turn   | Place    | Note
-------+----------+-------------------------------------------
     0 | D:1      | Macro the Halfling Fighter began the quest for the Orb.
     0 | D:1      | Reached XP level 1. HP: 15/15 MP: 1/1
   411 | D:1      | Reached XP level 2. HP: 20/20 MP: 2/2
   817 | D:1      | Reached XP level 3. HP: 22/26 MP: 3/3
  1119 | D:2      | Found a hide-covered altar of Uskayaw.
  1147 | D:2      | Reached XP level 4. HP: 12/31 MP: 4/4
  1553 | D:2      | Found a shattered altar of Ashenzari.
  1780 | D:2      | Reached skill level 1 in Dodging
  1780 | D:2      | Reached skill level 4 in Shields
  1938 | D:3      | Noticed an ogre
  1947 | D:3      | Demolished by an ogre

Skill      XL: |  1  2  3  4 |
---------------+-------------+-----
Fighting       | 3 |  3.1
Short Blades   | 3 |  3.2
Dodging        | 1 |  1.2
Shields        | 4 |  4.1
Armour         | |  3.8

Action                   |  1- 3 |  4- 6 || total
-------------------------+-------+-------++-------
Melee: Rapier            |    49 |       ||    49
       Dagger            |    39 |    67 ||   106
  Eat: Chunk             |       |     2 ||     2
       Bread ration      |       |     1 ||     1
Armor: Scale mail        |    39 |    22 ||    61
Dodge: Dodged            |    28 |    21 ||    49
Block: Shield            |    40 |    34 ||    74
